 Dungeon Crawl Stone Soup version 0.31-a0-232-gb1c03b2570 (webtiles) character file.

Game seed: 5539475842982909360

56 qw the Shooter (level 3, -4/29 HPs)
             Began as a Minotaur Hexslinger on July 7, 2023.
             Slain by Sigmund
             ... wielding a +0 scythe
              (9 damage)
             ... on level 2 of the Dungeon.
             The game lasted 00:00:26 (1218 turns).

qw the Shooter (Minotaur Hexslinger)                Turns: 1218, Time: 00:00:27

Health: -4/29      AC:  3    Str: 12    XL:     3   Next: 69%
Magic:  3/3        EV: 12    Int: 10    God:
Gold:   106        SH:  0    Dex: 14    Spells: 3/4 levels left

rFire   . . .        Y - +2 sling
rCold   . . .        (no shield)
rNeg    . . .        d - +0 leather armour
rPois   .            (helmet restricted)
rElec   .            (no cloak)
rCorr   .            (no gloves)
SInv    .            (no boots)
Will    .....        (no amulet)
Stlth   +            (no ring)
HPRegen 0.24/turn    (no ring)
MPRegen 0.08/turn

%: no passive effects
@: confused
A: horns 2, retaliatory headbutt
a: no special abilities


You were on level 2 of the Dungeon.
You visited 1 branch of the dungeon, and saw 2 of its levels.

You collected 106 gold pieces.


Innate Abilities, Weirdness & Mutations

You have a pair of horns on your head.
You reflexively headbutt those who attack you in melee.


   Skills:
 - Level 2.0 Fighting
 + Level 4.2 Ranged Weapons
 - Level 2.1 Dodging
 - Level 1.0 Spellcasting
 - Level 2.0 Hexes


You had 3 spell levels left.
You knew the following spells:

 Your Spells              Type           Power      Damage    Failure   Level
a - Slow                  Hex            16%        N/A       19%         1

Your spell library contained the following spells:

 Spells                   Type           Power      Damage    Failure   Level
 Inner Flame              Hex/Fire       2%         N/A       65%         3
 Portal Projectile        Hex/Tloc       4%         N/A       65%         3
 Cause Fear               Hex            2%         N/A       88%         4

Inventory:

Hand Weapons
 Y - a +2 sling (weapon)
Armour
 d - a +0 leather armour (worn)
Scrolls
 a - a scroll of identify {unknown}
 b - a scroll of fog {unknown}
 c - a scroll of silence {unknown}
 e - a scroll of acquirement {unknown}

Dungeon Overview and Level Annotations

Branches:
Dungeon (2/15)

Altars:

Shops:
D:2 :

Annotations:
D:2 Sigmund


Message History

You resist with significant effort.
Enter note:
Enter note: You shoot a sling bullet.
The sling bullet barely misses Sigmund.
Sigmund gestures at you while chanting.
You are confused.
Sigmund says, "Now you see me, now you don't..."
Sigmund casts a spell at you.
You are more confused.
Sigmund says, "Now you see me, now you don't..."
Sigmund barely misses you. Sigmund barely misses you.
Sigmund barely misses you.
A worm comes into view.
Sigmund closely misses you. Sigmund barely misses you.
Sigmund looks at you with fury.
Sigmund gestures wildly while chanting.
Sigmund flickers and vanishes!
Deactivating autopickup; reactivate with Ctrl-A.
Something hits you!
You shoot a sling bullet. Something hits you but does no damage.
You shoot a sling bullet.
You feel less confused.
You shoot a sling bullet. Something hits you!
1211 ||| FLEEEEING.
1212 ||| FLEEEEING.
1213 ||| FLEEEEING.
1214 ||| STILL FLEEEEING.
1215 ||| STILL FLEEEEING.
You hear some strange, mumbled words.
You are confused.
You shoot a sling bullet. You shoot a sling bullet.
A magic dart appears from out of thin air!
The magic dart hits you! Something hits you!
You die...

##.##
#.......###
#.#
#..........
#.#
#......>.##
#.#
#........#
##.##
#........#
#.#.#
#........##
##.##
########...
#.# ### #@#
### #.# ...
##{## ..#
#..w###...###
##.....w.....
#######.####


You could see a worm.

Vanquished Creatures
  An adder (D:1)
  2 worms (D:1)
  A dart slug (D:1)
  3 endoplasms (D:1)
  A giant cockroach (D:1)
  2 goblins (D:1)
  6 hobgoblins
  6 jackals (D:1)
  A quokka (D:1)
  4 ball pythons
  3 bats
  4 frilled lizards (D:1)
  2 rats (D:1)
36 creatures vanquished.

Notes
Turn   | Place    | Note
-------+----------+-------------------------------------------
     0 | D:1      | qw the Minotaur Hexslinger began the quest for the Orb.
     0 | D:1      | Reached XP level 1. HP: 16/16 MP: 1/1
     0 | D:1      | 0 ||| qw: Version: 0.3-a-46-gb1f654a
     0 | D:1      | 0 ||| qw: Game counter: 2409
     0 | D:1      | 0 ||| qw: Melee chars always use a shield: true
     0 | D:1      | 0 ||| qw: God list: Okawaru
     0 | D:1      | 0 ||| qw: Allow faded altars: false
     0 | D:1      | 0 ||| qw: Do Orc after clearing Dungeon:15 true
     0 | D:1      | 0 ||| qw: Do second Lair branch before Depths: true
     0 | D:1      | 0 ||| qw: Lair rune preference: random
     0 | D:1      | 0 ||| qw: Goals: Normal
     0 | D:1      | 0 ||| PLANNING D:1-11
    75 | D:1      | Reached skill level 3 in Ranged Weapons
    78 | D:1      | Reached XP level 2. HP: 23/23 MP: 2/2
   326 | D:1      | Found a faded altar of an unknown god.
   334 | D:1      | HP: 6/24 [ball python (2)]
   336 | D:1      | HP: 1/24 [jackal (2)]
   341 | D:1      | Reached XP level 3. HP: 3/29 MP: 3/3
   867 | D:1      | 867 ||| UPGRADING to +0 leather armour.
   877 | D:1      | 877 ||| DROPPING +0 robe.
   878 | D:1      | 878 ||| READING scroll labelled CILUMEMN ACIL.
   879 | D:1      | 879 ||| DROPPING scroll of poison.
   917 | D:2      | 917 ||| STAIRDANCE
   920 | D:1      | Reached skill level 4 in Ranged Weapons
   972 | D:2      | 972 ||| STAIRDANCE
  1059 | D:2      | Found Recw's Book Emporium.
  1193 | D:2      | Noticed Sigmund
  1211 | D:2      | 1211 ||| FLEEEEING.
  1212 | D:2      | 1212 ||| FLEEEEING.
  1213 | D:2      | 1213 ||| FLEEEEING.
  1217 | D:2      | HP: 4/29 [something/magic dart (7)]
  1218 | D:2      | Slain by Sigmund

Levels and vault maps discovered:
D:1:      dpeg_arrival_brainrot, layout_loops_cross,
          ebering_ecumenical_altar_mist
D:2:      layout_loops_cross, serial_shops, nicolae_book_shop_shelving,
          corexii_item_surrounded_by_moat, chequers_serial_rivers_small_3,
          uniq_sigmund

Skill      XL: |  1  2  3 |
---------------+----------+-----
Ranged Weapons | 3 4 |  4.2
Fighting       | 2 |  2.0
Dodging        | |  2.1
Spellcasting   | |  1.0
Hexes          | |  2.0

Action                     || total
---------------------------++-------
   Fire: Sling             ||   100
    Use: Scroll            ||     1
 Armour: Robe              ||     5
         Leather armour    ||     3
  Dodge: Dodged            ||    46

Table legend:
 A = Non-vault XP
 B = Vault XP
 C = Vault XP percentage of total XP
 D = Non-vault monster count
 E = Vault monster count
 F = Vault count percentage of total count
                 A         B        C        D         E       F
            +---------+---------+-------+---------+---------+-------
      Total |      75 |       5 |   6.2 |      35 |       1 |   2.8
            +---------+---------+-------+---------+---------+-------
        D:1 |      67 |       5 |   6.9 |      30 |       1 |   3.2
        D:2 |       8 |       0 |   0.0 |       5 |       0 |   0.0
            +---------+---------+-------+---------+---------+-------
